 Dungeon Crawl Stone Soup version 0.25.1-1-g288607f5aa (webtiles) character file.

Game seed: 13172331843849006791

109 Ijustatesigmund the Chopper (level 4, -1/33 HPs)
             Began as an Octopode Gladiator on July 21, 2020.
             Killed from afar by an orc wizard (6 damage)
             ... with a magic dart
             ... on level 3 of the Dungeon.
             The game lasted 00:02:42 (1306 turns).

Ijustatesigmund the Chopper (Octopode Gladiator)    Turns: 1306, Time: 00:02:43

Health: -1/33      AC:  1    Str: 13    XL:     4   Next: 89%
Magic:  4/4        EV: 14    Int: 10    God:
Gold:   106        SH:  0    Dex: 14    Spells: 3/3 levels left

rFire    . . .     SeeInvis .   a - +1 war axe
rCold    . . .     Gourm    .   (no shield)
rNeg     . . .     Faith    .   b - +0 hat
rPois    .         Spirit   .   (no amulet)
rElec    .         Reflect  .   (no ring)
rCorr    .         Harm     .   (no ring)
MR       .....                  (no ring)
Stlth    +++.......             (no ring)
HPRegen  0.11/turn              (no ring)
MPRegen  0.09/turn              (no ring)
                                (no ring)
                                (no ring)

@: no status effects
A: almost no armour, stealthy swim, amphibious, 8 rings, constrict 8, camouflage
1, gelatinous body 1
a: no special abilities


You were on level 3 of the Dungeon.
You were not hungry.

You visited 1 branch of the dungeon, and saw 3 of its levels.

You collected 106 gold pieces.

Inventory:

Hand Weapons
 a - a +1 war axe (weapon)
Missiles
 c - 2 throwing nets (quivered)
 h - 15 poisoned darts
Armour
 b - a +0 hat (worn)
Scrolls
 g - 3 scrolls of identify
 j - a scroll of fog
 l - a scroll of teleportation
 m - a scroll of remove curse {unknown}
Potions
 e - a potion of ambrosia
 f - a potion of stabbing
 n - a potion of haste
Comestibles
 d - 2 rations
 i - 4 chunks of flesh


   Skills:
 + Level 3.7 Fighting
 + Level 4.3 Axes
 - Level 2.0 Throwing
 - Level 3.0 Dodging


You had 3 spell levels left.
You didn't know any spells.
Your spell library was empty.

Dungeon Overview and Level Annotations

Branches:
Dungeon (3/15)

Altars:
Cheibriados
Sif Muna
Vehumet


Innate Abilities, Weirdness & Mutations

You cannot wear most types of armour.
You are very stealthy in the water. (Stealth+)
You are amphibious.
You can wear up to eight rings at the same time.
You can use your tentacles to constrict eight enemies at once.
Your skin changes colour to match your surroundings (Stealth+).
Your rubbery body absorbs attacks. (AC +1, EV +1)


Message History

You closely miss the orc wizard. Your grab misses the orc wizard.
The orc wizard is moderately wounded.
The orc wizard hits you with a +0 dagger.
You closely miss the orc wizard. You grab the orc wizard.
The orc wizard is moderately wounded.
You constrict the orc wizard.
The orc wizard hits you with a +0 dagger.
* * * LOW HITPOINT WARNING * * *
The orc wizard closely misses you. The orc wizard casts a spell at you.
The puff of frost misses you.
You hit the orc wizard. Your grab misses the orc wizard.
The orc wizard is heavily wounded.
You hit the orc wizard. You constrict the orc wizard.
The orc wizard hits you with a +0 dagger.
* * * LOW HITPOINT WARNING * * *
The orc wizard barely misses you.
The orc wizard points at you and mumbles some strange words.
The magic dart hits you.
You die...

#...### #......##
#.....# #..÷...<#
#.....# #.......#
##....# #.......#
#.#### #.......#
#.##### ###....##
#.##..######....#
#.#..8#..≈.######
#..._.'.o@>#
###..8#..≈o#
##..###### ####


You could see 2 orc wizards.

Vanquished Creatures
  Crazy Yiuf (D:2)
  Terence (D:2)
  An adder (D:2)
  3 dart slugs (D:1)
  A leopard gecko (D:2)
  6 bats
  6 giant cockroaches
  A goblin (D:2)
  6 hobgoblins
  2 quokkas (D:2)
  A ball python (D:1)
  2 frilled lizards
  3 kobolds
  6 rats
  A fungus (D:2)
41 creatures vanquished.

Notes
Turn   | Place    | Note
-------+----------+-------------------------------------------
     0 | D:1      | Ijustatesigmund the Octopode Gladiator began the quest for
                  | the Orb.
     0 | D:1      | Reached XP level 1. HP: 14/14 MP: 1/1
    85 | D:1      | Reached XP level 2. HP: 17/20 MP: 2/2
   444 | D:1      | Reached XP level 3. HP: 25/25 MP: 3/3
   583 | D:2      | Found a radiant altar of Vehumet.
   634 | D:2      | Noticed Terence
   649 | D:2      | Killed Terence
   731 | D:2      | Reached XP level 4. HP: 31/31 MP: 4/4
   759 | D:2      | Reached skill level 4 in Axes
   763 | D:2      | Found a snail-covered altar of Cheibriados.
  1220 | D:2      | Found a runed translucent door.
  1221 | D:2      | Noticed Crazy Yiuf
  1232 | D:2      | Killed Crazy Yiuf
  1291 | D:3      | Found a shimmering blue altar of Sif Muna.
  1306 | D:3      | Killed from afar by an orc wizard

Illustrated notes

Levels and vault maps discovered:
D:1:      matt_arrival_spirals, layout_basic
D:2:      minmay_alternating_diamond, layout_rooms, lemuel_round_altar,
          vehumet_crystals, uniq_crazy_yiuf_cottage, uniq_terence
D:3:      wad_lake_hut, layout_basic, led_sif_book

Skill      XL: |  1  2  3  4 |
---------------+-------------+-----
Fighting       | 3 |  3.7
Axes           | 4 |  4.3
Throwing       | |  2.0
Dodging        | |  3.0

Action                   |  1- 3 |  4- 6 || total
-------------------------+-------+-------++-------
Melee: War axe           |    53 |    30 ||    83
       Constrict         |    18 |     9 ||    27
       Tentacles         |    12 |     6 ||    18
Throw: Throwing net      |       |     2 ||     2
  Use: Scroll            |     4 |     1 ||     5
       Potion            |     1 |     1 ||     2
 Stab: Sleeping          |     3 |     4 ||     7
  Eat: Chunk             |       |     1 ||     1
Armor: Skin              |     6 |       ||     6
Dodge: Dodged            |    37 |    21 ||    58
